 Dungeon Crawl Stone Soup version 0.31.0-11-ge490571c62 (webtiles) character file.

Game seed: 18244131236403874309

3760113 bigmatt the Slayer (level 27, 266/266 HPs)
             Began as a Minotaur Berserker on Jan 27, 2024.
             Was the Champion of Trog.
             Escaped with the Orb
             ... and 5 runes!
             The game lasted 03:01:42 (55188 turns).

bigmatt the Slayer (Minotaur Berserker)            Turns: 55188, Time: 03:01:43

Health: 266/266    AC: 39    Str: 42    XL:     27
Magic:  7/7        EV: 23    Int:  9    God:    Trog [******]
Gold:   4695       SH: 19    Dex: 14    Spells: 26/26 levels left

rFire   + . .        T - +9 broad axe (antimagic)
rCold   . . .        U - +2 kite shield
rNeg    + . .        O - +9 gold dragon scales
rPois   +            I - +0 hat
rElec   .            j - scarf {repulsion}
rCorr   .            S - +0 pair of fencer's gloves {Riposte Dex+3}
SInv    .            l - +1 pair of boots {Fly}
Will    +++..        y - amulet of regeneration Stlth
                     w - ring of the Invisible Ghosts {Will+ Dex+6}
HPRegen 1.44/turn    Y - ring "Rocoeq" {rN+ EV+5 Str+5 Dex-3}
MPRegen 0.10/turn

%: repel missiles
@: flying, studying Polearms
A: horns 2, retaliatory headbutt, clever 1, sense surroundings 1, strong 1, cold
vulnerability 1
0: Orb of Zot
}: 5/15 runes: decaying, serpentine, slimy, silver, abyssal
a: Renounce Religion, Berserk, Trog's Hand, Brothers in Arms


You escaped.
You worshipped Trog.
Trog was exalted by your worship.
You visited 9 branches of the dungeon, and saw 49 of its levels.
You visited the Abyss 1 time.
You visited 2 bazaars.
You also visited: Volcano.

You collected 8570 gold pieces.
You spent 3875 gold pieces at shops.

Inventory:

Hand Weapons
 u - the +7 broad axe of Brawling {heavy, rF+ Str+3}
   (Trog gifted it to you on level 1 of the Orcish Mines)

   Str+3:     It affects your strength (+3).
   rF+:       It protects you from fire.
 T - a +9 antimagic broad axe (weapon)
Missiles
 Z - 8 silver javelins (quivered)
Armour
 b - the +9 ice dragon scales of Purpose {rF- rC++ Regen+}
   (You bought it in a shop on level 2 of the Orcish Mines)

   rF-:       It makes you vulnerable to fire.
   rC++:      It greatly protects you from cold.
   Regen+:    It increases your rate of health regeneration.
 i - a +1 kite shield of reflection
 j - a scarf of repulsion (worn)
 l - a +1 pair of boots of flying (worn)
 I - a +0 hat (worn)
 O - +9 gold dragon scales (worn)
 Q - the +15 Maxwell's patent armour {-Cast -Tele rElec Will+ rCorr}
   (You acquired it on level 2 of the Snake Pit)

   rElec:     It insulates you from electricity.
   Will+:     It increases your willpower.
   -Cast:     It prevents spellcasting.
   -Tele:     It prevents most forms of teleportation.
   rCorr:     It protects you from acid and corrosion.
 S - the +0 pair of fencer's gloves (worn) {Riposte Dex+3}
   (You found it on level 4 of the Lair of Beasts)

   Riposte:   It allows the wearer to riposte with melee weapons, swiftly
   retaliating against missed or blocked melee attacks.
   Dex+3:     It affects your dexterity (+3).
 U - a +2 kite shield (worn)
Jewellery
 w - the ring of the Invisible Ghosts (left hand) {Will+ Dex+6}
   (You found it on level 2 of the Depths)

   [ring of dexterity]

   Dex+6:     It affects your dexterity (+6).
   Will+:     It increases your willpower.
 x - the ring "Cug Ynwurig" {*Slow rF+++ rC+ rCorr Str-5}
   (You bought it in a shop in a bazaar)

   [ring of protection from cold]

   Str-5:     It affects your strength (-5).
   rF+++:     It renders you almost immune to fire.
   rC+:       It protects you from cold.
   rCorr:     It protects you from acid and corrosion.
   *Slow:     It may slow you when you take damage.
 y - an amulet of regeneration (around neck)
 K - a ring of poison resistance
 Y - the ring "Rocoeq" (right hand) {rN+ EV+5 Str+5 Dex-3}
   (You bought it in a shop in a bazaar)

   [ring of evasion]

   EV+5:      It affects your evasion (+5).
   Str+5:     It affects your strength (+5).
   Dex-3:     It affects your dexterity (-3).
   rN+:       It protects you from negative energy.
Wands
 k - a wand of polymorph (7)
 z - a wand of flame (102)
 H - a wand of iceblast (58)
 R - a wand of acid (44)
 V - a wand of paralysis (67)
 W - a wand of mindburst (40)
Scrolls
 a - 4 scrolls of immolation
 e - 4 scrolls of brand weapon
 g - 2 scrolls of butterflies
 r - 6 scrolls of revelation
 t - 13 scrolls of fog
 v - 12 scrolls of blinking
 B - 3 scrolls of enchant weapon
 J - 9 scrolls of poison
 M - 15 scrolls of teleportation
 N - 11 scrolls of fear
 X - 4 scrolls of silence
Potions
 c - 8 potions of lignification
 d - 8 potions of enlightenment
 f - 17 potions of heal wounds
 h - 27 potions of curing
 m - 4 potions of magic
 n - 2 potions of might
 o - 6 potions of invisibility
 q - 5 potions of haste
 s - 3 potions of mutation
 C - 2 potions of berserk rage
 F - 4 potions of cancellation
 L - 5 potions of resistance
 P - 7 potions of ambrosia
Miscellaneous
 p - a phial of floods
 A - a lightning rod (4/4)
 D - a condenser vane
 E - a sack of spiders
 G - a phantom mirror


   Skills:
 + Level 25.2 Fighting
 - Level 21.0 Axes
 - Level 20.2 Throwing
 + Level 24.8 Armour
 + Level 22.8 Dodging
 + Level 24.0 Shields
 * Level 15.5 Evocations


You had 26 spell levels left.
You didn't know any spells.
Your spell library was empty.

Dungeon Overview and Level Annotations

Branches:
Dungeon (15/15)            Temple (0/1) D:5            Lair (5/5) D:8
  Swamp (4/4) Lair:3        Snake (4/4) Lair:2        Slime (5/5) Lair:5
    Orc (2/2) D:10            Elf (0/3) Orc:2        Vaults (5/5) D:13
  Crypt (0/3) Vaults:3     Depths (4/4) D:15            Zot (5/5) Depths:4
Volcano (visited)

Altars:
Cheibriados
Kikubaaqudgha
Makhleb
Nemelex Xobeh
Sif Muna
Trog
Uskayaw
Wu Jian
Xom
Zin
Jiyva

Shops:
D:2 *   Orc:1 :   Orc:2 ?[*!   Snake:4 *   Vaults:3 *   Vaults:5 =
Depths:4 :==

Portals:
Hell: Depths:1 Depths:2 Depths:3 Depths:4
Abyss: Depths:1 Depths:2 Depths:3 Depths:4
Pandemonium: Depths:2 Depths:4
Ziggurat: Depths:1

Annotations:
Depths:4 6 runed translucent doors


Innate Abilities, Weirdness & Mutations

You have a pair of horns on your head.
You reflexively headbutt those who attack you in melee.
Your mind is acute. (Int +4, Str/Dex -1)
You passively map a small area around you.
Your muscles are strong. (Str +4, Int/Dex -1)
You are vulnerable to cold. (rC-)


Message History

An orange demon comes into view.
You block the orange demon's attack. x2
You slice the orange demon!! Your headbutt misses the orange demon.
The orange demon is moderately wounded.
You slash the orange demon! You headbutt the orange demon!
The orange demon is almost dead.
You block the orange demon's attack.
The orange demon hits you but does no damage.
You slash the orange demon!
You kill the orange demon!
Trog accepts your kill.
An Orb Guardian comes into view.
You can't go up here!
There is a stone staircase leading up here.
You fly upwards.
There is a stone staircase leading down here.
A great orb of eyes comes into view.
You can't go up here!
There is a stone staircase leading up here.
You fly upwards.
There is a stone staircase leading down here.
There is an escape hatch in the ceiling here.
A mysterious force pulls you upwards. The hatch slams shut behind you.
There is a stone staircase leading up here.
You fly upwards.
There is a stone staircase leading down here.
You see here a +0 club.
There is a stone staircase leading up here.
You fly upwards.
There is a stone staircase leading down here.
A chaos spawn comes into view.
The chaos spawn croaks.
You can't go up here!
There is a stone staircase leading up here.
You fly upwards.
There is a stone staircase leading down here.
You see here a +0 club.
There is an open door here.
There is a staircase leading out of the dungeon here.
You have escaped!

####..#......# #####'#.. #
##.+...##.# #.......# #
###......# #......). # #...####
#.......# # #...## #.......# #
#....######### #.......# #
#......#.....# #.......# #
######.#.....### #)......# #
#.+..@..'.####.......# #
#.#.....#............# #
#.#.....######)....### #.#######
#..####.~ #......# #.##P..~P
######.### #.#.PP~.# #...##
#.#P~~### #######..######.###
############............##_#####


There were no monsters in sight!

Vanquished Creatures
  the Royal Jelly (Slime:5)
  A pandemonium lord (D:13)
  3 dread liches
  10 ancient liches
  9 orbs of fire
  A juggernaut (Abyss:3)
  The ghost of Dawneret the Gnoll Aeon, a master GnFi of Cheibriados (Zot:4)
  Bai Suzhen (Vaults:3)
  4 Killer Klowns
  2 caustic shrikes
  Jory (Depths:3)
  10 golden dragons
  A profane servitor (Abyss:3)
  3 bone dragons
  Nikola (Depths:1)
  2 electric golems (Zot:5)
  A hellephant (Abyss:2)
  31 tentacled monstrosities
  An Ice Fiend (Zot:3)
  A walking crystal tome (Depths:2)
  The ghost of Strat the Warrior, an adept AtHW of Yredelemnul (Vaults:1)
  Mlioglotl (Swamp:1)
  5 liches
  26 Orb Guardians
  5 quicksilver dragons
  2 walking frostbound tomes
  6 titans
  8 sphinxes
  An Executioner (Abyss:3)
  17 acid blobs
  Frances (D:13)
  9 tengu reavers
  11 shadow dragons
  6 tentacled starspawn
  Aizul (Swamp:3)
  23 storm dragons
  20 death cobs
  3 nagarajas (Snake:4)
  Roxanne (Swamp:1)
  3 draconian monks (Zot:5)
  A revenant (Abyss:3)
  3 fenstrider witches (Swamp:4)
  10 azure jellies
  16 fire giants
  5 rockslimes (Slime:5)
  2 protean progenitors (Zot:4)
  4 draconian knights
  An iron dragon (Depths:3)
  3 draconian shifters
  6 deep elf sorcerers
  7 frost giants
  4 ghost moths
  14 vault wardens
  The ghost of tymior the Stormcaller, a journeyman TeAE of Vehumet (Swamp:3)
  5 draconian scorchers
  5 ghouls
  A reaper (Depths:2)
  An orc warlord (Orc:1)
  2 draconian annihilators (Zot:1)
  8 quicksilver oozes
  5 draconian stormcallers
  An angel (Abyss:3)
  A demonspawn blood saint (D:14)
  9 formless jellyfish
  2 cacodemons
  17 ironbound preservers
  7 spriggan defenders
  3 ophanim
  15 very ugly things
  A demonspawn corrupter (D:14)
  4 eleionomae
  8 deep elf demonologists
  6 ironbound thunderhulks
  7 green draconians
  18 stone giants
  A deep elf annihilator (Vaults:5)
  The ghost of Necsenou the Fighter, a journeyman GnWn of Gozag (Orc:1)
  3 vampire knights
  15 black draconians
  24 starcursed masses
  2 war gargoyles
  9 purple draconians
  8 white draconians
  11 dire elephants
  7 bunyips
  10 yellow draconians
  A spark wasp (Depths:3)
  7 red draconians
  A blizzard demon (Depths:4)
  20 ettins
  Snorg (D:11)
  2 green deaths (Swamp:4)
  An eidolon (Abyss:1)
  13 yaktaur captains
  3 crystal guardians
  3 jiangshi (Depths:2)
  3 deep elf high priests (Vaults:5)
  7 fire dragons
  4 rakshasas
  3 entropy weavers
  3 shambling mangroves (Swamp:4)
  13 great orbs of eyes
  32 vault guards
  Erolcha (D:9)
  15 ice dragons
  4 alligators
  7 hydras
  2 peacekeepers
  2 catoblepae
  3 salamander tyrants (Snake:4)
  A ghost crab (Swamp:4)
  A merfolk avatar (Lair:5)
  9 ogre magi
  10 ironbound frosthearts
  6 centaur warriors
  4 dancing weapons
  9 spriggan air magi
  A death knight (D:15)
  6 anacondas
  2 two-headed ogres
  7 boulder beetles
  23 deep troll earth magi
  18 naga warriors
  3 thrashing horrors
  4 orc high priests
  15 death yaks
  14 spriggan berserkers
  3 vampire magi
  9 deep troll shamans
  2 soul eaters
  10 shock serpents
  12 naga sharpshooters
  6 hell hogs
  11 tengu warriors
  15 spriggans
  4 sun demons
  8 hell knights
  The ghost of pigah the Mimic, a novice OpSh (D:8)
  Nergalle (D:11)
  Sonja (Lair:1)
  5 occultists
  9 wretched stars
  A titan skeleton (Vaults:5)
  The ghost of Rem the Fighter, a novice HOFi of Hepliaklqana (D:7)
  6 skeletal warriors
  9 salamander mystics
  3 skysharks (Lair:5)
  13 iron trolls
  2 sixfirhies (Swamp:4)
  4 spriggan druids
  2 cherubim (Abyss:3)
  3 goliath frogs
  A sea snake (Lair:5)
  2 bog bodies
  66 deep trolls
  3 glowing orange brains
  2 swamp dragons
  10 arcanists
  4 flayed ghosts
  2 shadow demons
  20 ironbound convokers
  14 mana vipers
  A deep elf archer (D:13)
  A lindwurm (shapeshifter) (Depths:4)
  6 lindwurms
  13 naga ritualists
  6 phantasmal warriors
  2 harpies (Lair:5)
  5 necromancers
  9 orc knights
  2 deep elf zephyrmancers (D:13)
  3 deep elf pyromancers
  2 wolf spiders
  A human zombie (Vaults:5)
  A shining eye (shapeshifter) (Vaults:5)
  A tengu skeleton (Depths:2)
  A will-o-the-wisp (Swamp:3)
  5 cyclopes
  A faun (shapeshifter) (Vaults:5)
  54 ugly things
  10 orc sorcerers
  14 salamanders
  3 shining eyes
  A worldbinder (Abyss:2)
  32 moths of wrath
  5 manticores
  A salamander (shapeshifter) (Vaults:2)
  23 vault sentinels
  A moth of wrath (shapeshifter) (Depths:3)
  A guardian serpent (Snake:3)
  20 elephants
  3 eyes of devastation
  19 naga magi
  Maurice (Orc:2)
  5 kobold blastminers (Orc:2)
  A dire elephant zombie (Abyss:2)
  47 black mambas
  14 large abominations
  A molten gargoyle (Volcano)
  A fire giant skeleton (Depths:2)
  4 centaur skeletons (D:13)
  17 cane toads
  11 smoke demons
  A gargoyle (D:11)
  5 rime drakes
  A yaktaur zombie (Vaults:5)
  8 orange demons
  2 hellions (Depths:2)
  12 komodo dragons
  36 yaktaurs
  An efreet (D:13)
  4 unseen horrors
  An unseen horror zombie (D:10)
  An anaconda simulacrum (Abyss:1)
  4 ancient zymes (Abyss:2)
  10 tengu conjurers
  8 trolls
  7 freezing wraiths
  A merfolk (shapeshifter) (Vaults:5)
  3 red devils
  7 tyrant leeches
  2 hellwings
  2 polar bears (Lair:3)
  A queen bee (D:7)
  A troll (shapeshifter) (D:14)
  5 raiju
  45 blink frogs
  3 glass eyes
  24 hornets
  A snapping turtle (Lair:5)
  A harpy skeleton (Abyss:1)
  A tarantella (shapeshifter) (Depths:3)
  9 shadows
  A water elemental (Depths:4)
  A centaur simulacrum (D:15)
  80 slime creatures
  11 wraiths
  4 ynoxinuls
  4 fire bats (Volcano)
  10 vampires
  4 wyverns
  Grum (D:5)
  6 basilisks
  2 wargs
  A golden eye (Slime:5)
  46 yaks
  3 neqoxecs (Abyss:2)
  2 steam dragons
  6 vampire mosquitoes
  A redback (shapeshifter) (Vaults:5)
  3 redbacks (Vaults:2)
  3 chaos spawn
  13 small abominations
  44 nagas
  15 swamp worms
  A swamp worm (shapeshifter) (Vaults:5)
  22 water moccasins
  5 hell hounds
  A glowing shapeshifter skeleton (Depths:2)
  26 orc warriors
  A sky beast (D:6)
  2 black bears
  5 ice beasts
  11 laughing skulls
  14 ogres
  3 wolves
  4 centaurs
  A phantom (D:3)
  A weeping skull (Abyss:1)
  A kobold brigand (D:8)
  A brain worm (Abyss:3)
  2 brain worms (shapeshifter) (D:14)
  8 bullfrogs
  6 scorpions
  3 necrophages (Swamp:2)
  4 gnoll sergeants
  11 wights
  24 killer bees
  8 howler monkeys
  4 electric eels
  6 lava snakes (Volcano)
  2 crimson imps (Abyss:3)
  5 centaur zombies (D:10)
  3 quasits (Abyss:2)
  14 orc priests
  11 hounds
  6 jellies
  3 gnoll boudas
  Crazy Yiuf (D:4)
  An iron imp (Abyss:1)
  Terence (D:2)
  Natasha (twice) (D:2)
  3 iguanas
  21 orc wizards
  A boggart simulacrum (D:15)
  7 adders
  30 gnolls
  5 white imps
  6 ufetubi
  3 dart slugs
  2 ribbon worms
  73 orcs
  5 ball pythons
  16 endoplasms
  4 giant cockroaches
  9 goblins
  4 hobgoblins
  13 jackals
  22 kobolds
  7 quokkas
  5 bats
  3 frilled lizards
  4 rats
  3 spectral weapons (Zot:5)
  4 starspawn tentacles
2369 creatures vanquished.

Vanquished Creatures (collateral kills)
  An orc warlord (Orc:1)
  A troll (Orc:1)
  A blink frog (Lair:5)
  2 orc warriors (Orc:1)
  An orc priest (Orc:1)
  5 orcs (Orc:1)
11 creatures vanquished.

Vanquished Creatures (others)
  An ironbound thunderhulk (Vaults:3)
  An ogre mage (Swamp:4)
  An occultist (Depths:3)
  A naga sharpshooter (Snake:3)
  A phantasmal warrior (Vaults:5)
  An orc sorcerer (Swamp:4)
  2 bloated husks
  An orc (Orc:2)
  6 foxfires (Swamp:3)
  10 starspawn tentacles
25 creatures vanquished.

Grand Total: 2405 creatures vanquished

Notes
Turn   | Place    | Note
-------+----------+-------------------------------------------
     0 | D:1      | bigmatt the Minotaur Berserker began the quest for the Orb.
     0 | D:1      | Reached XP level 1. HP: 19/19 MP: 0/0
   130 | D:1      | Reached XP level 2. HP: 27/27 MP: 1/1
   319 | D:1      | Reached skill level 4 in Fighting
   495 | D:1      | Found a faded altar of an unknown god.
   691 | D:2      | Reached XP level 3. HP: 32/33 MP: 2/2
   747 | D:2      | Reached ** piety under Trog
   812 | D:2      | Noticed Natasha
   820 | D:2      | Killed Natasha
   904 | D:2      | Reached XP level 4. HP: 41/41 MP: 3/3
  1005 | D:2      | Noticed Terence
  1016 | D:2      | Killed Terence
  1214 | D:2      | Found Xiorau's Assorted Antiques.
  1273 | D:2      | Noticed Natasha
  1280 | D:2      | Killed Natasha
  1281 | D:2      | Reached XP level 5. HP: 47/47 MP: 4/4
  1563 | D:3      | Found a transporter.
  1563 | D:3      | Noticed a phantom
  1569 | D:3      | Found a transporter.
  1569 | D:3      | Noticed an ogre
  1576 | D:3      | Found a snail-covered altar of Cheibriados.
  1576 | D:3      | Found a hide-covered altar of Uskayaw.
  1576 | D:3      | Found a shimmering altar of Xom.
  1639 | D:3      | Killed an ogre
  1640 | D:3      | Reached skill level 5 in Fighting
  1640 | D:3      | Reached skill level 5 in Axes
  1643 | D:3      | Killed a phantom
  1644 | D:3      | Reached XP level 6. HP: 56/56 MP: 5/5
  1793 | D:3      | Reached *** piety under Trog
  2516 | D:4      | Found a runed translucent door.
  2517 | D:4      | Noticed Crazy Yiuf
  2675 | D:4      | Reached skill level 5 in Armour
  2675 | D:4      | Reached XP level 7. HP: 61/62 MP: 6/6
  2678 | D:4      | Found a sparkling altar of Nemelex Xobeh.
  2687 | D:4      | Reached skill level 6 in Fighting
  2997 | D:4      | Reached skill level 5 in Dodging
  3304 | D:4      | Killed Crazy Yiuf
  3450 | D:5      | Entered Level 5 of the Dungeon
  3461 | D:5      | Reached skill level 1 in Shields
  3469 | D:5      | Reached XP level 8. HP: 37/71 MP: 7/7
  3747 | D:5      | Found an ancient bone altar of Kikubaaqudgha.
  3778 | D:5      | Reached **** piety under Trog
  3779 | D:5      | Reached skill level 7 in Fighting
  4170 | D:5      | Reached XP level 9. HP: 39/80 MP: 8/8
  4479 | D:5      | Found a staircase to the Ecumenical Temple.
  4518 | D:5      | Noticed Grum
  4525 | D:5      | Killed Grum
  5098 | D:6      | Reached skill level 8 in Fighting
  5612 | D:7      | Reached skill level 5 in Shields
  5980 | D:7      | Found a transporter.
  5980 | D:7      | Found a transporter.
  5982 | D:7      | Noticed Rem's ghost (novice HOFi)
  5996 | D:7      | Noticed a queen bee
  6002 | D:7      | Reached ***** piety under Trog
  6234 | D:7      | Reached skill level 9 in Fighting
  6234 | D:7      | Reached XP level 10. HP: 91/91 MP: 9/9
  6598 | D:7      | Killed Rem's ghost
  6730 | D:8      | Noticed a death yak
  6730 | D:8      | Noticed a death yak
  6730 | D:8      | Noticed a death yak
  6730 | D:8      | Found a staircase to the Lair.
  6731 | D:8      | Noticed a death yak
  6734 | D:8      | Noticed a death yak
  6746 | D:7      | Killed a death yak
  6777 | D:7      | Killed a death yak
  6780 | D:7      | Killed a death yak
  6781 | D:7      | Reached skill level 10 in Fighting
  6782 | D:7      | Killed a death yak
  6783 | D:7      | Reached skill level 10 in Axes
  6784 | D:7      | Killed a death yak
  6785 | D:7      | Reached XP level 11. HP: 64/100 MP: 10/10
  7109 | D:8      | Reached skill level 10 in Armour
  7150 | D:8      | Found a burning altar of Makhleb.
  7521 | D:8      | Found a runed translucent door.
  7521 | D:8      | Found a shimmering altar of Xom.
  7521 | D:8      | Noticed pigah's ghost (novice OpSh)
  7521 | D:8      | Noticed a +3 rapier of chaos
  7624 | D:8      | Killed a +3 rapier of chaos
  7632 | D:8      | Killed pigah's ghost
  8204 | D:9      | Noticed Erolcha
  8212 | D:9      | Killed Erolcha
  8213 | D:9      | Reached skill level 11 in Fighting
  8570 | D:10     | Entered Level 10 of the Dungeon
  8733 | D:10     | Reached skill level 10 in Dodging
  9129 | D:10     | Reached XP level 12. HP: 94/110 MP: 11/11
  9431 | D:10     | Received a gift from Trog
  9493 | D:10     | Found a staircase to the Orcish Mines.
  9609 | D:10     | Reached skill level 10 in Shields
  9613 | D:10     | Reached skill level 12 in Fighting
 10080 | Lair:1   | Entered Level 1 of the Lair of Beasts
 10187 | Lair:1   | Noticed Sonja
 10198 | Lair:1   | Killed Sonja
 10961 | Lair:1   | Reached XP level 13. HP: 106/119 MP: 12/12
 11322 | Lair:2   | Found a staircase to the Snake Pit.
 11355 | Lair:2   | Reached skill level 13 in Fighting
 11402 | Lair:2   | Reached ****** piety under Trog
 11419 | Lair:2   | Found a dark tunnel.
 11428 | Volcano  | Entered a volcano
 11834 | Volcano  | Found a burning altar of Makhleb.
 11837 | Volcano  | Received a gift from Trog
 13048 | Lair:3   | Found a staircase to the Swamp.
 14101 | Lair:4   | Reached skill level 14 in Fighting
 14101 | Lair:4   | Reached XP level 14. HP: 122/132 MP: 13/13
 14552 | Lair:4   | Found the +0 pair of fencer's gloves {Riposte Dex+3}
 15126 | Lair:5   | Entered Level 5 of the Lair of Beasts
 15242 | Lair:5   | Received a gift from Trog
 15525 | Lair:5   | Found a staircase to the Slime Pits.
 15527 | Lair:5   | Found a viscous altar of Jiyva.
 15618 | Lair:5   | Reached skill level 15 in Fighting
 15650 | Lair:5   | Reached skill level 15 in Axes
 15965 | Lair:5   | Reached XP level 15. HP: 126/141 MP: 14/14
 16514 | Orc:1    | Entered Level 1 of the Orcish Mines
 16530 | Orc:1    | Received a gift from Trog
 16747 | Orc:1    | Reached skill level 1 in Throwing
 16816 | Orc:1    | Found Fuiqab's Book Emporium.
 16914 | Orc:1    | Found a runed translucent gate.
 16914 | Orc:1    | Noticed Necsenou's ghost (journeyman GnWn)
 16915 | Orc:1    | Found a runed translucent gate.
 16916 | Orc:1    | Found a runed translucent gate.
 17065 | Orc:1    | Paralysed by an ogre mage for 4 turns
 17079 | Orc:1    | Reached skill level 15 in Armour
 17089 | Orc:1    | Identified the +7 broad axe of Brawling {heavy, rF+ Str+3}
                  | (Trog gifted it to you on level 1 of the Orcish Mines)
 17089 | Orc:1    | Received a gift from Trog
 17440 | Orc:1    | Killed Necsenou's ghost
 17770 | Orc:2    | Entered Level 2 of the Orcish Mines
 18065 | Orc:2    | Noticed Maurice
 18068 | Orc:2    | Paralysed by Maurice for 3 turns
 18070 | Orc:2    | Maurice stole an amulet of faith
 18075 | Orc:2    | Killed Maurice
 18146 | Orc:2    | Found a staircase to the Elven Halls.
 18248 | Orc:2    | Received a gift from Trog
 18530 | Orc:2    | Found Quovuxkeaj's Distillery.
 18530 | Orc:2    | Found Gaugaurch's Assorted Antiques.
 18533 | Orc:2    | Found Nel Apol's Armour Boutique.
 18533 | Orc:2    | Found Taetauh's Magic Scroll Shoppe.
 18547 | Orc:2    | Bought the +9 ice dragon scales of Purpose {rF- rC++
                  | Regen+} for 1626 gold pieces
 18788 | D:11     | Noticed Snorg
 18792 | D:11     | Killed Snorg
 19040 | D:11     | Noticed Nergalle
 19046 | D:11     | Killed Nergalle
 19546 | D:12     | Found a bloodstained altar of Trog.
 19947 | D:13     | Noticed Frances
 19957 | D:13     | Killed Frances
 19958 | D:13     | Reached skill level 16 in Fighting
 20038 | D:13     | Found a gate to the Vaults.
 20042 | D:13     | Received a gift from Trog
 20043 | D:13     | Reached XP level 16. HP: 151/151 MP: 15/15
 20705 | Swamp:1  | Entered Level 1 of the Swamp
 20717 | Swamp:1  | Reached skill level 5 in Throwing
 20899 | Swamp:1  | Noticed Mlioglotl
 20910 | Swamp:1  | Killed Mlioglotl
 20911 | Swamp:1  | Reached skill level 15 in Shields
 21015 | Swamp:1  | Noticed Roxanne
 21347 | Swamp:1  | Killed Roxanne
 21493 | Swamp:2  | Received a gift from Trog
 21497 | Swamp:2  | Reached skill level 15 in Dodging
 21592 | Swamp:2  | You are sucked into a shaft and drop 1 floor!
 21592 | Swamp:3  | Identified the serpent talisman of Untold Secrets {rF+
                  | Str+3}
 21592 | Swamp:3  | Noticed Aizul
 22003 | Swamp:3  | Killed Aizul
 22375 | Swamp:3  | Found a transporter.
 22412 | Swamp:3  | Found a transporter.
 22464 | Swamp:3  | Identified the +4 scimitar of Udeduthrip {heavy, Will+}
 22464 | Swamp:3  | Identified the ring "Ohugh" {MP+9 Dex+2}
 22465 | Swamp:3  | Found a bloodstained altar of Trog.
 22609 | Swamp:3  | Noticed tymior's ghost (journeyman TeAE)
 22644 | Swamp:3  | Killed tymior's ghost
 22794 | Swamp:4  | Entered Level 4 of the Swamp
 23070 | Swamp:4  | Received a gift from Trog
 23163 | Swamp:4  | Reached XP level 17. HP: 129/154 MP: 16/16
 23204 | Swamp:4  | Reached skill level 17 in Fighting
 23631 | Swamp:4  | Got a decaying rune of Zot
 24852 | D:15     | Entered Level 15 of the Dungeon
 24897 | D:15     | Received a gift from Trog
 25261 | D:15     | Found a staircase to the Depths.
 25624 | Snake:1  | Entered Level 1 of the Snake Pit
 26334 | Snake:2  | Received a gift from Trog
 26335 | Snake:2  | Reached XP level 18. HP: 159/171 MP: 17/17
 26347 | Snake:2  | Identified a scroll of acquirement
 26348 | Snake:2  | Acquired the +15 Maxwell's patent armour {-Cast -Tele rElec
                  | Will+ rCorr}
 26348 | Snake:2  | Found the +15 Maxwell's patent armour {-Cast -Tele rElec
                  | Will+ rCorr}
 26734 | Snake:2  | Reached skill level 18 in Fighting
 26911 | Snake:3  | Acquired the +10 battleaxe of the Pure Tables {heavy,
                  | Dex+2}
 27606 | Snake:4  | Entered Level 4 of the Snake Pit
 27783 | Snake:4  | Received a gift from Trog
 28946 | Snake:4  | Received a gift from Trog
 29028 | Snake:4  | Identified the +11 great sword of the Ten Spirits {vamp,
                  | rElec rC+}
 29095 | Snake:4  | Found Wualudgho's General Store.
 29168 | Snake:4  | Got a serpentine rune of Zot
 29548 | Vaults:1 | Entered Level 1 of the Vaults
 29563 | Vaults:1 | Reached skill level 10 in Throwing
 29568 | Vaults:1 | Reached XP level 19. HP: 153/181 MP: 18/18
 29815 | Vaults:1 | Reached skill level 19 in Fighting
 29858 | Vaults:1 | Found a flickering gateway to a bazaar.
 29883 | Bazaar   | Entered a bazaar
 29907 | Bazaar   | Found Xappaqie's Distillery.
 29907 | Bazaar   | Found Zopamipn's Weapon Emporium.
 29919 | Bazaar   | Bought a potion of curing for 33 gold pieces
 29919 | Bazaar   | Bought a potion of heal wounds for 55 gold pieces
 29930 | Bazaar   | Found Lopsi's General Store.
 29941 | Bazaar   | Bought a scarf of repulsion for 132 gold pieces
 29944 | Bazaar   | Bought a scroll of immolation for 44 gold pieces
 29955 | Bazaar   | Found Coskam's Book Shoppe.
 30613 | Vaults:1 | Found a runed translucent door.
 30613 | Vaults:1 | Noticed Strat's ghost (adept AtHW)
 30844 | Vaults:1 | Killed Strat's ghost
 30847 | Vaults:1 | Identified the +5 chain mail "Elyul" {Harm +Inv Int+4
                  | Slay-3}
 30849 | Vaults:1 | Identified the staff of Huffirix {Dex+4 Conj}
 30924 | Vaults:2 | Received a gift from Trog
 31194 | Vaults:2 | Identified the +2 robe "Kizxoxta" {rN+ rCorr Int+2}
 31475 | Vaults:2 | Identified the +5 war axe of Dull Bloody Death {heavy,
                  | rCorr} (Trog gifted it to you on level 2 of the Vaults)
 31475 | Vaults:2 | Received a gift from Trog
 32675 | Vaults:3 | Reached XP level 20. HP: 186/192 MP: 19/19
 33377 | Vaults:3 | Found a staircase to the Crypt.
 33482 | Vaults:3 | Found Extig's Assorted Antiques.
 33492 | Vaults:3 | Bought a pair of embroidered boots for 285 gold pieces
 33535 | Vaults:3 | Noticed Bai Suzhen
 33542 | Vaults:3 | Killed Bai Suzhen
 33816 | Vaults:3 | Bought a dented sapphire amulet for 190 gold pieces
 33948 | Vaults:3 | Reached skill level 20 in Fighting
 33965 | Vaults:3 | Received a gift from Trog
 35525 | Depths:1 | Entered Level 1 of the Depths
 35565 | Depths:1 | Received a gift from Trog
 36218 | Depths:1 | Reached XP level 21. HP: 202/202 MP: 20/20
 36254 | Depths:1 | Identified the +1 pair of gloves of Qifarap {*Corrode rC+
                  | rN+ MP+9 Stlth+}
 36254 | Depths:1 | Noticed Nikola
 36267 | Depths:1 | Killed Nikola
 36281 | Depths:1 | Received a gift from Trog
 36384 | Depths:1 | Found a bloodstained altar of Trog.
 36446 | Depths:1 | Found a one-way gate to the infinite horrors of the Abyss.
 36464 | Depths:1 | Found a gateway to Hell.
 36477 | Depths:1 | Found a one-way gateway to a ziggurat.
 36897 | Depths:2 | Noticed a caustic shrike
 36901 | Depths:2 | Killed a caustic shrike
 37058 | Depths:2 | Identified the +2 falchion of Kuyng {freeze, MP+9 Str+6
                  | Dex-2}
 37263 | Depths:2 | Found a shimmering blue altar of Sif Muna.
 37298 | Depths:2 | Received a gift from Trog
 37321 | Depths:2 | Reached skill level 21 in Fighting
 38113 | Depths:2 | Identified the ring of the Invisible Ghosts {Will+ Dex+6}
 38151 | Depths:2 | Reached skill level 1 in Evocations
 38155 | Depths:2 | Found a shimmering blue altar of Sif Muna.
 38191 | Depths:2 | Noticed an ancient lich
 38192 | Depths:2 | Noticed an ancient lich
 38198 | Depths:2 | Killed an ancient lich
 38201 | Depths:2 | Killed an ancient lich
 38285 | Depths:2 | Identified the +1 falchion "Dofferoc" {spect, Str+4}
 38460 | Depths:2 | Found a one-way gate leading to the halls of Pandemonium.
 38815 | Vaults:5 | Entered Level 5 of the Vaults
 38833 | Vaults:4 | Reached XP level 22. HP: 186/213 MP: 21/21
 38879 | Vaults:5 | Identified the +10 war axe of Spider's Doom {heavy, rF+}
                  | (Trog gifted it to you on level 5 of the Vaults)
 38879 | Vaults:5 | Received a gift from Trog
 38887 | Vaults:5 | Noticed an ancient lich
 39019 | Vaults:4 | Killed an ancient lich
 39408 | Vaults:5 | Noticed a dread lich
 39422 | Vaults:4 | Killed a dread lich
 39529 | Vaults:5 | Received a gift from Trog
 39881 | Vaults:5 | Reached skill level 5 in Evocations
 40031 | Vaults:5 | Received a gift from Trog
 40129 | Vaults:5 | Identified the +1 falchion "Icuahon" {flame, rPois rF-
                  | Will+++ MP+9}
 40218 | Vaults:5 | Reached skill level 22 in Fighting
 40319 | Vaults:5 | Found the amulet of the Air {Inacc Air Fly rElec RMsl}
 40508 | Vaults:5 | Identified the +3 flail of Misery {vamp, rElec}
 40913 | Vaults:5 | Got a silver rune of Zot
 40959 | Vaults:5 | Found Qisie's Jewellery Boutique.
 41676 | Slime:1  | Entered Level 1 of the Pits of Slime
 41720 | Slime:3  | Reached XP level 23. HP: 223/223 MP: 22/22
 41757 | Slime:4  | Received a gift from Trog
 41850 | Slime:5  | Entered Level 5 of the Pits of Slime
 42046 | Slime:5  | Gained mutation: You occasionally lose the ability to drink
                  | potions when taking damage. [a shining eye]
 42561 | Slime:5  | Noticed the Royal Jelly
 42647 | Slime:5  | Gained mutation: You are frail. (-10% HP) [a shining eye]
 42648 | Slime:5  | Gained mutation: You are very frail. (-20% HP) [a shining
                  | eye]
 42652 | Slime:5  | Gained mutation: You sometimes lose your temper in combat.
                  | [a shining eye]
 42654 | Slime:5  | Lost mutation: You occasionally lose the ability to drink
                  | potions when taking damage. [potion of mutation]
 42654 | Slime:5  | Lost mutation: You are very frail. (-20% HP) [potion of
                  | mutation]
 42654 | Slime:5  | Gained mutation: Your mind is acute. (Int +4, Str/Dex -1)
                  | [potion of mutation]
 42655 | Slime:5  | Lost mutation: You sometimes lose your temper in combat.
                  | [potion of mutation]
 42655 | Slime:5  | Lost mutation: Your mind is acute. (Int +4, Str/Dex -1)
                  | [potion of mutation]
 42655 | Slime:5  | Lost mutation: You are frail. (-10% HP) [potion of
                  | mutation]
 42655 | Slime:5  | Gained mutation: Your flesh is heat resistant. (rF+)
                  | [potion of mutation]
 42655 | Slime:5  | Gained mutation: You have hidden genetic defects. [potion
                  | of mutation]
 42655 | Slime:5  | Gained mutation: You passively map a small area around you.
                  | [potion of mutation]
 42715 | Slime:5  | Found a viscous altar of Jiyva.
 42788 | Slime:5  | Killed the Royal Jelly
 42903 | Slime:5  | Identified the +1 pair of gloves of Beogh's Grace {Int+4}
 42905 | Slime:5  | Identified the +4 morningstar of Soft Innocence {freeze,
                  | Str+4 Int+3}
 42929 | Slime:5  | Identified the +6 acid dragon scales "Wuluob" {rCorr
                  | Stlth+}
 42967 | Slime:5  | Identified the +7 morningstar "Yrocwykk" {speed, +Blink rC+
                  | Dex+2 Stlth-}
 42970 | Slime:5  | Identified the ring of the Ladybird {*Slow rN+ Int+3
                  | Stlth+}
 42971 | Slime:5  | Identified the +5 sling "Ginniopi" {flame, Dex+2 Stlth+}
 43009 | Slime:5  | Identified the +2 chain mail "Ecaext" {rF+ Regen+ MP-9}
 43012 | Slime:5  | Identified the +2 halberd "Xoodat" {holy, rPois rN+ Str-4
                  | Dex+5}
 43018 | Slime:5  | Identified the +8 spear of the Eternal Warrior {freeze,
                  | ^Fragile rC+ Will+}
 43020 | Slime:5  | Got a slimy rune of Zot
 43714 | Depths:3 | Found a glowing silver altar of Zin.
 43766 | Depths:3 | Reached skill level 15 in Throwing
 43770 | Depths:3 | Gained mutation: Your magical capacity is low. (-10% MP)
                  | [hidden defects]
 43780 | Depths:3 | Noticed Jory
 43790 | Depths:3 | Killed Jory
 43791 | Depths:3 | Noticed a caustic shrike
 43796 | Depths:3 | Killed a caustic shrike
 43808 | Depths:4 | Entered Level 4 of the Depths
 43959 | Depths:4 | Received a gift from Trog
 44028 | Depths:4 | Found a flickering gateway to a bazaar.
 44035 | Bazaar   | Entered a bazaar
 44036 | Bazaar   | Found Weykuef's Antique Armour Shop.
 44039 | Bazaar   | Found Itoned's Jewellery Shop.
 44074 | Bazaar   | Found Eras's Magic Scroll Boutique.
 44080 | Bazaar   | Found Jyesic's Armour Shop.
 44120 | Bazaar   | Bought the ring "Rocoeq" {rN+ EV+5 Str+5 Dex-3} for 719
                  | gold pieces
 44120 | Bazaar   | Bought the ring "Cug Ynwurig" {*Slow rF+++ rC+ rCorr Str-5}
                  | for 791 gold pieces
 44289 | Depths:4 | Gained mutation: Armour fits poorly on your strangely
                  | shaped body. [hidden defects]
 44289 | Depths:4 | Lost mutation: You have hidden genetic defects. [hidden
                  | defects expressed]
 44763 | Depths:3 | Reached XP level 24. HP: 213/234 MP: 19/19
 44858 | Depths:3 | Received a gift from Trog
 44998 | Depths:3 | Acquired a manual of Throwing
 45825 | Depths:4 | Reached skill level 23 in Fighting
 46025 | Depths:4 | Found a gate to the Realm of Zot.
 46199 | Depths:4 | Found a runed translucent door.
 46199 | Depths:4 | Found a runed translucent door.
 46201 | Depths:4 | Found a runed translucent door.
 46222 | Depths:4 | Reached skill level 10 in Evocations
 46282 | Depths:4 | Received a gift from Trog
 46299 | Depths:4 | Found a runed translucent door.
 46335 | Depths:4 | Found a runed translucent door.
 46335 | Depths:4 | Found a runed translucent door.
 46665 | Depths:4 | Found an ornate altar of the Wu Jian Council.
 46718 | Depths:4 | Found Wuleppac's Jewellery Shoppe.
 46719 | Depths:4 | Found Agec's Book Boutique.
 46720 | Depths:4 | Found Joumiack's Jewellery Shoppe.
 46803 | Depths:4 | Voluntarily entered the Abyss.
 46923 | Abyss:1  | Found a corrupted altar of Lugonu.
 46940 | Abyss:1  | Noticed an ancient lich
 46948 | Abyss:1  | Killed an ancient lich
 46991 | Abyss:1  | Found a corrupted altar of Lugonu.
 47418 | Abyss:2  | Received a gift from Trog
 47419 | Abyss:2  | Gained mutation: You have hidden genetic defects. [a
                  | neqoxec]
 47489 | Abyss:2  | Noticed an ancient lich
 47491 | Abyss:2  | Paralysed by accursed screaming for 1 turns
 47497 | Abyss:2  | Killed an ancient lich
 47580 | Abyss:2  | Paralysed by accursed screaming for 1 turns
 47634 | Abyss:2  | Gained mutation: You occasionally shout uncontrollably at
                  | your foes. [a cacodemon]
 47830 | Abyss:3  | Paralysed by accursed screaming for 1 turns
 47831 | Abyss:3  | Received a gift from Trog
 47955 | Abyss:3  | Gained mutation: You are dopey. (Int -2) [hidden defects]
 47983 | Abyss:3  | Noticed an ancient lich
 47987 | Abyss:3  | Killed an ancient lich
 48018 | Abyss:3  | Found a glowing golden altar of the Shining One.
 48024 | Abyss:3  | Noticed a juggernaut
 48025 | Abyss:3  | Reached XP level 25. HP: 243/243 MP: 19/19
 48034 | Abyss:3  | Killed a juggernaut
 48055 | Abyss:3  | Got an abyssal rune of Zot
 48071 | Depths:4 | Escaped the Abyss
 48118 | Zot:1    | Entered Level 1 of the Realm of Zot
 48154 | Zot:1    | Gained mutation: You sometimes lose your temper in combat.
                  | [hidden defects]
 48154 | Zot:1    | Lost mutation: You have hidden genetic defects. [hidden
                  | defects expressed]
 48220 | Depths:4 | Lost mutation: Your magical capacity is low. (-10% MP)
                  | [potion of mutation]
 48220 | Depths:4 | Lost mutation: Your flesh is heat resistant. (rF+) [potion
                  | of mutation]
 48220 | Depths:4 | Lost mutation: You passively map a small area around you.
                  | [potion of mutation]
 48220 | Depths:4 | Gained mutation: Your spells are a little easier to cast,
                  | but a little less powerful. [potion of mutation]
 48220 | Depths:4 | Gained mutation: You are frail. (-10% HP) [potion of
                  | mutation]
 48221 | Depths:4 | Lost mutation: You are frail. (-10% HP) [potion of
                  | mutation]
 48221 | Depths:4 | Lost mutation: You occasionally shout uncontrollably at
                  | your foes. [potion of mutation]
 48221 | Depths:4 | Lost mutation: Your spells are a little easier to cast, but
                  | a little less powerful. [potion of mutation]
 48221 | Depths:4 | Lost mutation: You sometimes lose your temper in combat.
                  | [potion of mutation]
 48221 | Depths:4 | Gained mutation: You are agile. (Dex +4, Str/Int -1)
                  | [potion of mutation]
 48603 | Zot:1    | Received a gift from Trog
 49221 | Zot:2    | Noticed a Killer Klown
 49228 | Zot:2    | Killed a Killer Klown
 49261 | Zot:2    | Noticed a Killer Klown
 49278 | Zot:2    | Killed a Killer Klown
 49881 | Zot:3    | Reached skill level 24 in Fighting
 50044 | Zot:3    | Noticed an orb of fire
 50050 | Zot:3    | Lost mutation: You are agile. (Dex +4, Str/Int -1) [an orb
                  | of fire]
 50051 | Zot:3    | Killed an orb of fire
 50236 | Zot:3    | Received a gift from Trog
 50531 | Zot:3    | Noticed an orb of fire
 50543 | Zot:3    | Killed an orb of fire
 51139 | Zot:4    | Reached XP level 26. HP: 229/254 MP: 0/22
 51460 | Zot:4    | Found a runed translucent door.
 51461 | Zot:4    | Noticed Dawneret's ghost (master GnFi)
 51502 | Zot:4    | Killed Dawneret's ghost
 51542 | Zot:4    | Identified the +7 dagger "Ymoloiq" {freeze, SInv}
 52250 | Zot:5    | Entered Level 5 of the Realm of Zot
 52462 | Zot:5    | Noticed an ancient lich
 52464 | Zot:5    | Noticed a dread lich
 52473 | Zot:5    | Killed an ancient lich
 52486 | Zot:5    | Killed a dread lich
 52487 | Zot:5    | Noticed an orb of fire
 52498 | Zot:5    | Gained mutation: You have hidden genetic defects. [an orb
                  | of fire]
 52770 | Zot:5    | Killed an orb of fire
 53278 | Zot:5    | Received a gift from Trog
 53347 | Zot:5    | Noticed an ancient lich
 53358 | Zot:5    | Noticed an orb of fire
 53359 | Zot:5    | Noticed an orb of fire
 53384 | Zot:5    | Noticed an orb of fire
 53385 | Zot:5    | Gained mutation: You have large cloven feet. [an orb of
                  | fire]
 53386 | Zot:5    | Killed an orb of fire
 53387 | Zot:5    | Noticed an orb of fire
 53402 | Zot:4    | Gained mutation: You occasionally lose the ability to read
                  | scrolls when taking damage. [an orb of fire]
 53411 | Zot:4    | Killed an orb of fire
 53424 | Zot:4    | Killed an orb of fire
 53494 | Zot:5    | Noticed an ancient lich
 53516 | Zot:4    | Gained mutation: You do not regenerate when monsters are
                  | visible. [an orb of fire]
 53529 | Zot:4    | Gained mutation: You occasionally lose the ability to drink
                  | potions when taking damage. [an orb of fire]
 53530 | Zot:4    | Gained mutation: You are vulnerable to cold. (rC-) [an orb
                  | of fire]
 53534 | Zot:4    | Killed an orb of fire
 53541 | Zot:4    | Gained mutation: You occasionally shout uncontrollably at
                  | your foes. [hidden defects]
 53579 | Zot:4    | Lost mutation: You are dopey. (Int -2) [potion of mutation]
 53579 | Zot:4    | Lost mutation: You occasionally lose the ability to read
                  | scrolls when taking damage. [potion of mutation]
 53579 | Zot:4    | Gained mutation: Your system is resistant to poisons.
                  | (rPois) [potion of mutation]
 53579 | Zot:4    | Gained mutation: You are robust. (+10% HP) [potion of
                  | mutation]
 53580 | Zot:4    | Lost mutation: You do not regenerate when monsters are
                  | visible. [potion of mutation]
 53580 | Zot:4    | Lost mutation: You are vulnerable to cold. (rC-) [potion of
                  | mutation]
 53580 | Zot:4    | Lost mutation: You occasionally shout uncontrollably at
                  | your foes. [potion of mutation]
 53580 | Zot:4    | Lost mutation: You are robust. (+10% HP) [potion of
                  | mutation]
 53580 | Zot:4    | Gained mutation: You are agile. (Dex +4, Str/Int -1)
                  | [potion of mutation]
 53581 | Zot:4    | Lost mutation: Your system is resistant to poisons. (rPois)
                  | [potion of mutation]
 53581 | Zot:4    | Lost mutation: Armour fits poorly on your strangely shaped
                  | body. [potion of mutation]
 53581 | Zot:4    | Lost mutation: You have large cloven feet. [potion of
                  | mutation]
 53581 | Zot:4    | Gained mutation: Your mind is acute. (Int +4, Str/Dex -1)
                  | [potion of mutation]
 53581 | Zot:4    | Gained mutation: You have large cloven feet. [potion of
                  | mutation]
 53582 | Zot:4    | Lost mutation: You have large cloven feet. [potion of
                  | mutation]
 53582 | Zot:4    | Lost mutation: You occasionally lose the ability to drink
                  | potions when taking damage. [potion of mutation]
 53582 | Zot:4    | Lost mutation: You are agile. (Dex +4, Str/Int -1) [potion
                  | of mutation]
 53582 | Zot:4    | Gained mutation: Your mind is very acute. (Int +8, Str/Dex
                  | -2) [potion of mutation]
 53582 | Zot:4    | Gained mutation: Your spells are a little harder to cast,
                  | but a little more powerful. [potion of mutation]
 53582 | Zot:4    | Lost mutation: Your spells are a little harder to cast, but
                  | a little more powerful. [potion of mutation]
 53585 | Zot:5    | Noticed an orb of fire
 53604 | Zot:4    | Killed an ancient lich
 53826 | Zot:4    | Lost mutation: You have hidden genetic defects. [an orb of
                  | fire]
 53827 | Zot:4    | Gained mutation: Your muscles are strong. (Str +4, Int/Dex
                  | -1) [an orb of fire]
 53846 | Zot:4    | Gained mutation: You passively map a small area around you.
                  | [an orb of fire]
 53847 | Zot:4    | Killed an orb of fire
 53870 | Zot:5    | Killed an ancient lich
 53878 | Zot:5    | Noticed a dread lich
 53897 | Zot:5    | Killed a dread lich
 53898 | Zot:5    | Reached skill level 15 in Evocations
 53904 | Zot:5    | Reached skill level 25 in Fighting
 53947 | Zot:5    | Noticed an orb of fire
 53961 | Zot:5    | Lost mutation: Your mind is very acute. (Int +8, Str/Dex
                  | -2) [an orb of fire]
 53967 | Zot:5    | Killed an orb of fire
 54208 | Zot:5    | Noticed an ancient lich
 54239 | Zot:5    | Killed an ancient lich
 54240 | Zot:5    | Reached XP level 27. HP: 191/266 MP: 7/22
 54602 | Zot:5    | Got the Orb of Zot
 54606 | Zot:5    | Gained mutation: You are vulnerable to cold. (rC-) [a
                  | cacodemon]
 54792 | Depths:2 | Noticed Orecwomy the pandemonium lord
 54944 | D:13     | Noticed Hoaf Eru the pandemonium lord
 54958 | D:13     | Killed Hoaf Eru the pandemonium lord
 55188 | D:$      | Escaped with the Orb!

Illustrated notes

Levels and vault maps discovered:
D:1:      minmay_arrival_checkered_box, layout_basic,
          shapermc_ecumenical_altar_hornbeckon
D:2:      layout_basic, serial_shops, shop, lexackson_kobold_supper,
          uniq_terence, uniq_natasha
D:3:      layout_loops_ring, gammafunk_temple_overflow_arena
D:4:      layout_rooms, old_standard_altar, glass_columns_c,
          nicolae_grassy_gnolls, uniq_crazy_yiuf_cottage
D:5:      layout_cave_pools, mainiacjoe_overflow_tiny_flanked, temple_pool_b,
          serial_gnoll_camp, grums_kennel, gnoll_camp_mini_hut,
          gnoll_camp_medium_02, gnoll_camp_mini_sergeant
D:6:      layout_rooms
D:7:      layout_gridville, gammafunk_ghost_hive
D:8:      layout_cave_pools, lemuel_crystal_altar, dpeg_lair_monsters,
          ebering_ghost_xom, nicolae_underground_beach
D:9:      nicolae_BIG_FREAKIN_CUBE, layout_rooms, uniq_erolcha
D:10:     lemuel_troll_bridge, layout_rooms, minmay_orc_entry_guard_dogs,
          serial_undead, serial_undead_c, serial_undead_c, serial_undead_c,
          serial_undead_b, serial_undead_f, serial_undead_c, serial_undead_a,
          serial_undead_a, serial_undead_e, serial_undead_c,
          minmay_crystal_water, uniq_grum
D:11:     layout_basic, uniq_nergalle, uniq_snorg
D:12:     layout_big_octagon, bloody_trog
D:13:     layout_loops_ring, hangedman_vaults_entry_quadrant_bands, hex_large,
          uniq_frances
D:14:     layout_loops_corners, dk_noncrumbling_2
D:15:     hellmonk_depths_entry_around_the_bend, layout_rooms, serial_ice,
          serial_ice_c, serial_ice_g, serial_ice_m, serial_ice_i, serial_ice_n,
          minivault_11
Lair:1:   layout_loops_ring, cheibrodos_lair_reptile_den, grunt_megastairs_4,
          uniq_sonja
Lair:2:   layout_regular_city, minmay_snake_entry_six_corridors,
          nicolae_volcano_entry_vermiform, chequers_serial_rivers_micro_e,
          minmay_hedge_maze
Lair:3:   layout_big_grid, nicolae_swamp_entry_splash_gauntlet,
          lemuel_fruit_fields, grunt_megastairs_5, serial_bayou_shore_b
Lair:4:   layout_cave_pods
Lair:5:   gammafunk_lair_ancient_temple, layout_cave_shapes,
          nicolae_slime_entry_slimehenge
Swamp:1:  layout_basic_swamp, hangedman_swamp_pad, swamp_pool_1_2, uniq_roxanne,
          uniq_mlioglotl
Swamp:2:  layout_falls_marsh, nicolae_swamp_well_well_well
Swamp:3:  layout_basic_swamp, gammafunk_ghost_wrathful_warriors,
          evilmike_swamp_ruin_house_4, uniq_aizul
Swamp:4:  nzn_swamp_witches_coven, layout_basic_swamp
Snake:1:  layout_grid_shapes, nicolae_letterblocks [nicolae_letter_subblock,
          nicolae_letter_subblock, nicolae_letter_subblock,
          nicolae_letter_subblock, nicolae_letter_subblock,
          nicolae_letter_subblock, nicolae_letter_subblock,
          nicolae_letter_subblock, nicolae_letter_subblock,
          nicolae_letter_subblock, nicolae_letter_subblock,
          nicolae_letter_subblock, nicolae_letter_subblock,
          nicolae_letter_subblock, nicolae_letter_subblock,
          nicolae_letter_subblock, nicolae_letter_subblock,
          nicolae_letter_subblock, nicolae_letter_subblock,
          nicolae_letter_subblock, nicolae_letter_subblock,
          nicolae_letter_subblock, nicolae_letter_subblock,
          nicolae_letter_subblock, nicolae_letter_subblock]
Snake:2:  layout_rooms, grunt_ministairs_6
Snake:3:  layout_basic
Snake:4:  snake_pit, layout_onion_interference, serial_shops, shop, drop_trap
Slime:1:  layout_caves, nicolae_slime_barrier
Slime:2:  cheibrodos_slime_lost_civilization_10, layout_caves
Slime:3:  layout_caves
Slime:4:  layout_caves, cheibrodos_slime_lost_civilization_5
Slime:5:  slime_pit_nicolae_trefoil
Orc:1:    hellmonk_paralyzer, layout_diamond_mine, biasface_ghost_orc_armoury,
          serial_shops, nicolae_shop_stone, kennysheep_orc_chapel
Orc:2:    grunt_orc_tribal_feast, layout_caves, uniq_maurice
Vaults:1: gammafunk_ghost_grave, nicolae_vaults_six-pack, v_rooms_6, v_misc_26,
          nicolae_vaults_shrinking_rooms_1, nicolae_vaults_wine_cellar,
          dpeg_vaults_monster_row, ontoclasm_vaults_ring_square,
          nicolae_vaults_little_squares_2, vaults_dpeg_diagonal,
          vaults_dpeg_doors, nicolae_vaults_trapezoid_lopsided_3,
          nicolae_vaults_little_guard_posts, nicolae_vaults_big_angled_halls,
          layout_vaults_omnibox, serial_shops, freezing_bzr
Vaults:2: nicolae_vaults_storage_closets_3, dpeg_vaults_hating_casters,
          nicolae_vaults_trapezoid_lopsided_1, hangedman_vaults_pinch,
          vaults_mumra_hexcomb, v_misc_19, vaults_dpeg_encased_lava,
          layout_vaults_omnigrid
Vaults:3: nicolae_vaults_tetromino_Z_1, nicolae_vaults_shipping_containers_3,
          v_rooms_6, nicolae_vaults_little_squares_1, v_misc_26,
          grunt_vaults_trifunnel, nicolae_vaults_little_ls,
          minmay_crypt_entry_vampire_xt, vaults_room_corners, v_misc_30,
          nicolae_vaults_rhombus_5, hangedman_vaults_unwind,
          ontoclasm_vaults_ring_square, vaults_room_ringed_pool,
          nicolae_vaults_trapezoid_3, vaults_dpeg_emergency_exit,
          layout_vaults_maze_bifur, serial_shops, nicolae_shop_waterfront,
          uniq_bai_suzhen
Vaults:4: nicolae_vaults_circle_grid_b, v_rooms_2, v_misc_10,
          nicolae_vaults_theta, nicolae_vaults_tetromino_T_2,
          nicolae_vaults_surprise_closet, nicolae_vaults_tetromino_T_1,
          v_misc_17, nicolae_vaults_ninety_degrees, grunt_vaults_hallway_short,
          grunt_vaults_diagonal, ontoclasm_vaults_chip, layout_vaults_omnicross
Vaults:5
Depths:1: cheibrodos_spurs, layout_cave_pools, enter_ziggurat_e,
          abyss_entry_crystal, hell_entry, roderic_serpentine_path,
          serial_library_hellmonk_big_corner, evilmike_spriggan_trog_shrine,
          uniq_nikola
Depths:2: evilmike_library_of_no_secrets, layout_small_grid,
          nicolae_abyss_entry_one_way_or_another, hellmouth_3,
          nicolae_sif_muna_condensation, grunt_pan_entry_in_and_out,
          minmay_evil_grid, infiniplex_staircase_spiral, firewood_loft
Depths:3: minmay_the_grid_square_5x5_5x5_mashed
          [minmay_the_grid_square_5x5_dogpile,
          minmay_the_grid_square_5x5_hollow_slash,
          minmay_the_grid_square_5x5_inner_i,
          minmay_the_grid_square_5x5_half_checkered,
          minmay_the_grid_square_5x5_one_wall,
          minmay_the_grid_square_5x5_two_small,
          minmay_the_grid_square_5x5_prize_junk,
          minmay_the_grid_square_5x5_n_small,
          minmay_the_grid_square_5x5_prize_open,
          minmay_the_grid_square_5x5_eight, minmay_the_grid_square_5x5_comb,
          minmay_the_grid_square_5x5_bridge,
          minmay_the_grid_square_5x5_prize_open, minmay_the_grid_square_5x5_tie,
          minmay_the_grid_square_5x5_c, minmay_the_grid_square_5x5_corner,
          minmay_the_grid_square_5x5_prize_pseudospiral,
          minmay_the_grid_square_5x5_longway,
          minmay_the_grid_square_5x5_prize_itemx,
          minmay_the_grid_square_5x5_shuriken, minmay_the_grid_square_5x5_six,
          minmay_the_grid_square_5x5_empty, minmay_the_grid_square_5x5_inner_z,
          minmay_the_grid_square_5x5_bite,
          minmay_the_grid_square_5x5_three_small], layout_honeycomb,
          hangedman_abyss_entry_splay, hell_entry, zin_statuary,
          infiniplex_staircase_pillars_2, uniq_jory
Depths:4: evilmike_zot_entry_castle, layout_basic, grunt_pan_entry_zigzag,
          serial_shops, bzr_entry_customers, pf_vacation_house_of_asmodeus,
          nicolae_wu_jian_wuxing_cycle, abyss_entry, minmay_shop_grove
Zot:1:    layout_twisted_circle
Zot:2:    layout_misc_corridors, hangedman_zot_gyre, st_stairs_12,
          nicolae_zig_zag_zippers, uniq_grunn
Zot:3:    kennysheep_blocky_room, layout_gridlike, zot_minivault_1
Zot:4:    layout_concentric_octagons, ebering_ghost_reflecting_pool
Zot:5:    layout_misc_corridors, skrybe_zot_glass_3

Skill      XL: |  1  2  3  4  5  6  7  8  9 10 11 12 13 14 15 16 17 18 19 20 21 22 23 24 25 26 27 |
---------------+----------------------------------------------------------------------------------+-----
Fighting       | 4 5 6 7 9 10 11 12 14 15 16 17 18 19 20 21 22 23 24 25 | 25.2
Axes           | 4 5 6 7 8 10 11 12 13 15 16 17 18 19 20 21 | 21.0
Armour         | 3 4 5 7 8 9 11 12 13 14 15 16 17 18 19 20 21 22 23 24 | 24.8
Dodging        | 3 4 5 6 7 8 10 11 12 13 14 15 16 17 18 19 20 21 22 | 22.8
Shields        | 1 3 5 7 9 10 12 13 14 15 16 17 18 19 20 21 22 23 24 | 24.0
Throwing       | 4 6 8 10 11 12 13 14 15 17 18 20 | 20.2
Evocations     | 2 5 9 11 13 15 | 15.5

Action                     |  1- 3 |  4- 6 |  7- 9 | 10-12 | 13-15 | 16-18 | 19-21 | 22-24 | 25-27 || total
---------------------------+-------+-------+-------+-------+-------+-------+-------+-------+-------++-------
  Melee: Hand axe          |    59 |   142 |   167 |       |       |       |       |       |       ||   368
         Headbutt          |     7 |    23 |    61 |    99 |   202 |   191 |   260 |   325 |   366 ||  1534
         Punch             |       |     1 |       |       |       |       |       |       |       ||     1
         War axe           |       |       |   120 |   493 |   134 |       |       |       |       ||   747
         Broad axe         |       |       |       |       |   658 |   681 |   731 |   871 |   890 ||  3831
  Throw: Javelin           |       |       |       |       |       |    11 |    10 |    25 |     7 ||    53
         Throwing net      |       |       |       |       |       |     1 |       |       |       ||     1
 Invoke: Berserk           |     1 |     2 |     5 |     9 |    10 |     3 |     3 |     4 |     3 ||    40
         Trog's Hand       |       |       |       |     1 |     4 |     2 |     2 |       |     1 ||    10
         Brothers in Arms  |       |       |       |       |     2 |       |       |     2 |       ||     4
  Evoke: Wand              |       |       |       |       |       |       |     1 |       |       ||     1
         Sack of spiders   |       |       |       |       |       |       |       |     1 |       ||     1
    Use: Scroll            |       |       |       |    12 |     9 |    11 |     6 |     3 |    16 ||    57
         Potion            |       |       |       |       |     1 |     1 |     1 |     5 |    12 ||    20
   Stab: Sleeping          |       |     1 |       |       |       |       |       |       |       ||     1
         Petrified         |       |       |       |       |     7 |       |       |       |       ||     7
         Petrifying        |       |       |       |       |     2 |       |       |       |       ||     2
 Armour: Animal skin       |    34 |    30 |       |       |       |       |       |       |       ||    64
         Ring mail         |       |    45 |    22 |       |       |       |       |       |       ||    67
         Scale mail        |       |       |   181 |    95 |       |       |       |       |       ||   276
         Chain mail        |       |       |       |   177 |    51 |       |       |       |       ||   228
         Plate armour      |       |       |       |    84 |   401 |   185 |   475 |   570 |   352 ||  2067
         Ice dragon scales |       |       |       |       |    46 |   263 |     3 |       |       ||   312
         Gold dragon scale |       |       |       |       |       |       |       |       |   188 ||   188
  Dodge: Dodged            |    49 |    88 |   143 |   177 |   237 |   325 |   297 |   596 |   507 ||  2419
         Repelled          |       |       |       |       |       |       |     6 |    24 |    28 ||    58
  Block: Other             |       |    19 |     2 |       |       |       |       |       |       ||    21
         Buckler           |       |       |    76 |       |       |       |       |       |       ||    76
         Reflection        |       |       |     4 |     7 |    41 |   107 |    49 |       |       ||   208
         Kite shield       |       |       |   111 |   448 |   754 |   899 |   630 |   890 |   647 ||  4379
Riposte: Broad axe         |       |       |       |       |   156 |   251 |   262 |   327 |   264 ||  1260
